 Dungeon Crawl Stone Soup version 0.31-a0-986-g5e6e4ef867 (webtiles) character file.

Game seed: 14568517426601605374

64 Frost42 the Trooper (level 3, -1/30 HPs)
             Began as a Minotaur Fighter on Nov 6, 2023.
             Was a Follower of Hepliaklqana.
             Succumbed to a gnoll's poison
             ... on level 3 of the Dungeon on Nov 7, 2023.
             The game lasted 00:12:16 (2022 turns).

Frost42 the Trooper (Minotaur Fighter)              Turns: 2022, Time: 00:12:17

Health: -1/30      AC:  7    Str: 22    XL:     3   Next: 91%
Magic:  11/11      EV:  9    Int:  5    God:    Hepliaklqana [*.....]
Gold:   120        SH:  4    Dex:  9    Spells: 2/2 levels left

rFire   . . .        a - +0 trident
rCold   . . .        c - +0 buckler
rNeg    . . .        b - +0 scale mail
rPois   .            (helmet restricted)
rElec   .            (no cloak)
rCorr   .            (no gloves)
SInv    .            (no boots)
Will    .....        (no amulet) Stlth
                     l - ring of magical power
HPRegen 0.25/turn    (no ring)
MPRegen 0.12/turn

%: no passive effects
@: mighty, lethally poisoned (-1 -> -13)
A: reduced essence, horns 2, retaliatory headbutt
a: Renounce Religion, Recall Ancestor, Ancestor Identity


You were on level 3 of the Dungeon.
You worshipped Hepliaklqana.
Hepliaklqana was aware of your devotion.
You visited 1 branch of the dungeon, and saw 3 of its levels.

You collected 120 gold pieces.

Inventory:

Hand Weapons
 a - a +0 trident (weapon)
Missiles
 i - 2 stones (quivered)
 o - 2 boomerangs
Armour
 b - a +0 scale mail (worn)
 c - a +0 buckler (worn)
 q - the +3 ring mail of the Lich-sworn {rN++ Dex-4}
   (You found it on level 2 of the Dungeon)

   Dex-4:     It affects your dexterity (-4).
   rN++:      It greatly protects you from negative energy.
Jewellery
 l - a ring of magical power (left hand)
Scrolls
 e - a scroll of fog
 k - a scroll of teleportation
 n - a scroll of amnesia
Potions
 g - 2 potions of brilliance {unknown}
 h - a potion of curing {unknown}
 j - a potion of heal wounds {unknown}


   Skills:
 * Level 4.3 Fighting
 + Level 3.2 Polearms
 * Level 4.3 Armour
 + Level 4.2 Shields


You had 2 spell levels left.
You didn't know any spells.
Your spell library contained the following spells:

 Spells                   Type           Power      Damage    Failure   Level
 Slow                     Hex            0%         N/A       86%         1
 Ensorcelled Hibernation  Hex/Ice        0%         N/A       94%         2
 Passwall                 Tmut/Erth      0%         N/A       94%         2
 Confusing Touch          Hex            0%         N/A       99%         3
 Sigil of Binding         Hex            0%         N/A       99%         3
 Swiftness                Air            0%         N/A       99%         3
 Vampiric Draining        Necr           0%         2d6       99%         3
 Volatile Blastmotes      Fire/Tloc      0%         2d10      99%         3
 Fulminant Prism          Conj/Hex       0%         3d5       100%        4
 Iskenderun's Mystic Bla  Conj/Tloc      0%         2d3       100%        4
 Manifold Assault         Tloc           0%         N/A       100%        4
 Dispersal                Tloc           0%         N/A       100%        6
 Disjunction              Tloc           0%         N/A       100%        8


Dungeon Overview and Level Annotations

Branches:
Dungeon (3/15)

Altars:
Hepliaklqana


Innate Abilities, Weirdness & Mutations

Your life essence is reduced to manifest your ancestor. (-10% HP)
You have a pair of horns on your head.
You reflexively headbutt those who attack you in melee.


Message History

Wilfreda hits the gnoll but does no damage.
You barely miss the goblin.
The gnoll hits Wilfreda with a +0 spear of venom!
Wilfreda is destroyed!
A gnoll comes into view. It is wielding a +0 spear.
The goblin hits you but does no damage.
A gnoll comes into view. It is wielding a +0 club.
You closely miss the goblin.
The gnoll shouts!
The goblin hits you with a +0 club.
A kobold comes into view. It is wielding a +0 dagger.
The goblin hits you but does no damage.
You barely miss the goblin.
The kobold shouts!
Your headbutt misses the goblin. The goblin hits you but does no damage.
You hit the goblin.
You kill the goblin!
A rat comes into view.
You see here a +0 club.
The gnoll hits you from afar with a +0 halberd.
The gnoll attacks as it pursues you!
The gnoll hits you from afar with a +0 halberd.
The gnoll attacks as it pursues you!
The gnoll hits you from afar with a +0 spear of venom.
You are poisoned.
You feel very mighty all of a sudden.
You feel very sick. The gnoll closely misses you.
You feel sick.
You feel sick.
You feel sick. The gnoll hits you but does no damage.
You are lethally poisoned!
You block the gnoll's attack.
* * * LOW HITPOINT WARNING * * *
You feel very sick.
The gnoll hits you from afar with a +0 spear of venom.
* * * LOW HITPOINT WARNING * * *
The gnoll hits you from afar with a +0 halberd.
* * * LOW HITPOINT WARNING * * *
You die...

#.#.#$...........
#.######<..#..<....$....
..........##...........#
#.######K)..............
.###....###..........#.
.......g..#..........#
...##..ggg#...........
.. #.....#....####..
#.....@$#### ##
#.....### #.....#
#.....# #######


You could see 4 gnolls and a kobold.

Vanquished Creatures
  An adder (D:2)
  A worm (D:2)
  2 dart slugs
  5 bats
  2 endoplasms
  2 giant cockroaches (D:1)
  6 goblins
  4 hobgoblins
  4 jackals (D:2)
  3 kobolds
  5 quokkas
  3 ball pythons
  A frilled lizard (D:1)
  3 rats
42 creatures vanquished.

Vanquished Creatures (collateral kills)
  A goblin (D:2)
  A rat (D:2)
2 creatures vanquished.

Vanquished Creatures (others)
  An ancestor (D:3)
1 creature vanquished.

Grand Total: 45 creatures vanquished

Notes
Turn   | Place    | Note
-------+----------+-------------------------------------------
     0 | D:1      | Frost42 the Minotaur Fighter began the quest for the Orb.
     0 | D:1      | Reached XP level 1. HP: 19/19 MP: 0/0
   212 | D:1      | Reached XP level 2. HP: 16/27 MP: 1/1
   809 | D:2      | Reached XP level 3. HP: 31/33 MP: 2/2
  1041 | D:2      | Found a faded altar of an unknown god.
  1042 | D:2      | Noticed a glass eye
  1045 | D:2      | Noticed a glass eye
  1046 | D:2      | Noticed an eye of devastation
  1046 | D:2      | Noticed an eye of devastation
  1201 | D:2      | Prayed at the altar of an unknown god.
  1201 | D:2      | Became a worshipper of Hepliaklqana the Forgotten
  1201 | D:2      | Reached * piety under Hepliaklqana
  1688 | D:2      | Identified the +3 ring mail of the Lich-sworn {rN++ Dex-4}
  2022 | D:3      | Succumbed to a gnoll's poison

Illustrated notes

Levels and vault maps discovered:
D:1:      amcnicky_arrival_feature_with_door, layout_basic,
          kennysheep_pointless_box, minmay_misc_feat_pillars
D:2:      layout_basic, hellmonk_ecumenical_altar_watching_god
D:3:      layout_rooms, serial_shops, nicolae_shop_just_a_little_nook,
          amcnicky_mini_corridor_feature, uniq_natasha, uniq_sigmund

Skill      XL: |  1  2 |
---------------+-------+-----
Armour         | 4 |  4.3
Fighting       | 4 |  4.3
Shields        | 4 |  4.2
Polearms       | 3 |  3.2

Action                     || total
---------------------------++-------
  Melee: Trident           ||    78
         Headbutt          ||    11
  Throw: Stone             ||     1
    Use: Scroll            ||     6
         Potion            ||     1
 Armour: Scale mail        ||    82
  Dodge: Dodged            ||    51
  Block: Buckler           ||    28

Table legend: (Time is in decaauts)
 A = Elapsed time spent in this place.
 B = Non-inter-level travel time spent in this place.
 C = Inter-level travel time spent in this place.
 D = Time resting spent in this place.
 E = Time spent auto-exploring this place.
 F = Levels seen in this place.
 G = Mean time per level.
                   A        B        C        D        E       F      G
               +--------+--------+--------+--------+--------+-----+--------+
         Total |   2040 |   1678 |    362 |      0 |    160 |   3 |  680.0 |
       Dungeon |   2040 |   1678 |    362 |      0 |    160 |   3 |  680.0 |
               +--------+--------+--------+--------+--------+-----+--------+

Top non-repeatable levels by time:
     D:2: 1255 daAuts
     D:1: 755 daAuts
     D:3: 29 daAuts
